 Dungeon Crawl Stone Soup version 0.31-a0-1291-g5386780bc2 (webtiles) character file.

Game seed: 14670731876983038727

21535 Nattfarinn the Mimic (level 12, -1/127 HPs)
             Began as a Naga Shapeshifter on Dec 18, 2023.
             Was a High Priest of Cheibriados.
             Slain by a blink frog (12 damage)
             ... on level 2 of the Lair of Beasts.
             The game lasted 00:27:07 (15901 turns).

Nattfarinn the Mimic (Naga Shapeshifter)           Turns: 15901, Time: 00:27:07

Health: -1/127     AC: 10    Str: 39    XL:     12   Next: 91%
Magic:  0/16       EV: 10    Int: 23    God:    Cheibriados [*****.]
Gold:   847        SH:  0    Dex: 25    Spells: 10/11 levels left

rFire   . . .        b - melded +4 sling "Aseph" {drain, rElec rF+++ Str-4 Int+8}
rCold   . . .        (shield currently unavailable)
rNeg    + . .        M - melded +1 steam dragon scales
rPois   +            (helmet currently unavailable)
rElec   .            (cloak currently unavailable)
rCorr   .            (gloves currently unavailable)
SInv    +            (no barding)
Will    ++...        u - amulet of guardian spirit
Stlth   ++           G - ring of positive energy
HPRegen 0.41/turn    E - ring of willpower
MPRegen 0.15/turn

%: guardian spirit
@: about to teleport, snake-form, very slow
A: constrict, boosted hp, AC +4, large, see invisible, (deformed body), (poison
resistance), (slowness 2), spit poison 1, (naga tail 1)
a: Spit Poison, Begin Untransformation, Renounce Religion, Bend Time, Temporal
Distortion, Slouch, Step From Time


You were on level 2 of the Lair of Beasts.
You worshipped Cheibriados.
Cheibriados was extremely pleased with you.
You were an enormous serpent.
You visited 3 branches of the dungeon, and saw 13 of its levels.
You also visited: Sewer.

You collected 847 gold pieces.

Inventory:

Hand Weapons
 a - the +10 short sword "Taek" {heavy, Str+4 Int+2}
   (You found it on level 6 of the Dungeon)

   Str+4:     It affects your strength (+4).
   Int+2:     It affects your intelligence (+2).
 b - the +4 sling "Aseph" (melded) {drain, rElec rF+++ Str-4 Int+8}
   (You found it on level 2 of the Dungeon)

   Str-4:     It affects your strength (-4).
   Int+8:     It affects your intelligence (+8).
   rF+++:     It renders you almost immune to fire.
   rElec:     It insulates you from electricity.
 i - a +0 sling
Armour
 k - a +0 pair of gloves
 q - a +2 hat
 z - a +0 robe of fire resistance
 H - a +0 animal skin
 M - +1 steam dragon scales (melded)
Jewellery
 e - a ring of protection from fire
 f - a ring of ice
 u - an amulet of guardian spirit (around neck)
 D - a ring of fire
 E - a ring of willpower (right hand)
 G - a ring of positive energy (left hand)
 J - an amulet of reflection
 S - a ring of magical power
Talismans
 c - a beast talisman
 d - a flux talisman
 P - a serpent talisman (active)
 R - a blade talisman
Wands
 y - a wand of acid (14)
 B - a wand of charming (5)
 K - a wand of roots (9)
 O - a wand of polymorph (4)
 Q - a wand of flame (2)
Scrolls
 g - 2 scrolls of poison
 h - 6 scrolls of enchant weapon
 j - a scroll of vulnerability
 s - 2 scrolls of revelation {unknown}
 v - 3 scrolls of fog
 x - 5 scrolls of teleportation
 C - a scroll of amnesia {unknown}
 F - a scroll of brand weapon {unknown}
 I - a scroll of immolation {unknown}
 L - a scroll of noise {unknown}
 N - 3 scrolls of identify
Potions
 l - a potion of cancellation {unknown}
 m - 2 potions of heal wounds {unknown}
 n - 2 potions of mutation {unknown}
 p - 2 potions of might
 r - a potion of invisibility {unknown}
 t - 2 potions of attraction {unknown}
 w - 3 potions of haste {unknown}
 A - a potion of resistance {unknown}


   Skills:
 - Level 6.8 Fighting
 - Level 10.0 Ranged Weapons
 - Level 1.5 Dodging
 - Level 9.1 Unarmed Combat
 + Level 5.7 Invocations
 - Level 12.9 Shapeshifting


You had 10 spell levels left.
You knew the following spells:

 Your Spells              Type           Power      Damage    Failure   Level
a - Slow                  Hex            0%         N/A       16%         1

Your spell library contained the following spells:

 Spells                   Type           Power      Damage    Failure   Level
 Apportation              Tloc           0%         N/A       16%         1
 Necrotise                Necr           0%         1d4       16%         1
 Summon Small Mammal      Summ           0%         N/A       16%         1
 Ensorcelled Hibernation  Hex/Ice        0%         N/A       24%         2
 Passwall                 Tmut/Erth      0%         N/A       24%         2
 Call Canine Familiar     Summ           0%         N/A       43%         3
 Confusing Touch          Hex            0%         N/A       43%         3
 Sigil of Binding         Hex            0%         N/A       43%         3
 Swiftness                Air            0%         N/A       43%         3
 Tukima's Dance           Hex            0%         N/A       43%         3
 Vampiric Draining        Necr           0%         2d6       43%         3
 Animate Dead             Necr           0%         N/A       83%         4
 Dimensional Bullseye     Hex/Tloc       0%         N/A       83%         4
 Passage of Golubria      Tloc           0%         N/A       83%         4
 Borgnjor's Vile Clutch   Necr/Erth      0%         N/A       99%         5
 Yara's Violent Unravell  Hex/Tmut       0%         3d3       99%         5
 Death Channel            Necr           0%         N/A       100%        6


Dungeon Overview and Level Annotations

Branches:
Dungeon (10/15)            Temple (1/1) D:6            Lair (2/5) D:8
 Spider (0/4) Lair:2        Sewer (visited)
  Swamp: Lair:2-3    Shoals: Lair:2-3       Orc: D:9-12

Altars:
Ashenzari
Cheibriados
Dithmenos
Elyvilon
Fedhas
Gozag
Hepliaklqana
Kikubaaqudgha
Makhleb
Nemelex Xobeh
Okawaru
Qazlal
Ru
Sif Muna
Trog
Uskayaw
Vehumet
Wu Jian
Xom
Yredelemnul
Zin
The Shining One

Shops:
D:1 [*[?*

Annotations:
D:3 3 runed translucent doors, Drangen's ghost, amateur SpHu
Lair:1 1 runed translucent door, Majang's ghost, journeyman TrFi


Innate Abilities, Weirdness & Mutations

You are an enormous serpent.
You have a powerful constriction melee attack.
Your maximum health is increased.
Your armour is entirely melded.
You are incapable of wielding weapons or throwing items.
((Your serpentine skin is tough. (AC +4)))
You have supernaturally acute eyesight. (SInv)
((Armour fits poorly on your strangely shaped body.))
((Your system is resistant to poisons. (rPois)))
((You cover ground very slowly.))
You can spit poison.
((You have a snake-like lower body.))


Message History

You hit the dream sheep. You grab the dream sheep.
The dream sheep is moderately wounded.
You constrict the dream sheep, but do no damage.
The dream sheep headbutts you! The dream sheep closely misses you.
The dream sheep headbutts you.
The dream sheep headbutts you but does no damage.
Unknown command.
Unknown command.
You body-slam the dream sheep!!
You kill the dream sheep!
Cheibriados appreciates the change of pace.
The dream sheep headbutts you!
* * * LOW HITPOINT WARNING * * *
The dream sheep closely misses you. The dream sheep headbutts you.
* * * LOW HITPOINT WARNING * * *
The blink frog blinks!
Unknown command.
Unknown command.
Unknown command.
You closely miss the dream sheep. Your grab misses the dream sheep.
The dream sheep closely misses you. The dream sheep barely misses you. x2
Unknown command.
Unknown command.
Unknown command.
As you read the scroll of teleportation, it crumbles to dust.
You feel strangely unstable.
The blink frog blinks! x2
The dream sheep headbutts you!
* * * LOW HITPOINT WARNING * * *
The dream sheep headbutts you but does no damage.
The dream sheep shake their wool and sparkle.
You feel drowsy...
You fall asleep.
The dream sheep headbutts you.
You wake up.
* * * LOW HITPOINT WARNING * * *
You barely miss the dream sheep. Your grab misses the dream sheep.
The dream sheep misses you. The dream sheep headbutts you.
* * * LOW HITPOINT WARNING * * *
The dream sheep headbutts you!
* * * LOW HITPOINT WARNING * * *
The blink frog hits you!
You die...

....§... ....... ......
....# #..§# #...##### .
#YYY...#.. ###SY......
#.#.F...... ############
##......###
.##.##.##PP#####......P#
........................
...<....................
........................
........................
........................


You could see a blink frog and 4 dream sheep.

Vanquished Creatures
  Snorg (D:10)
  A hydra (Lair:2)
  A boulder beetle (Lair:1)
  2 two-headed ogres
  Amaemon (Lair:2)
  3 black mambas
  4 elephants (Lair:1)
  A gargoyle (D:10)
  2 cane toads (Lair:2)
  An orange demon (Lair:2)
  3 komodo dragons
  2 polar bears (Lair:1)
  A hornet (D:7)
  3 dream sheep (Lair:2)
  5 blink frogs (Lair:1)
  2 jumping spiders (Lair:2)
  2 shadows (D:10)
  2 wyverns
  Grum (D:9)
  5 basilisks
  2 steam dragons
  3 redbacks (Lair:2)
  20 yaks
  8 water moccasins
  Pargi (Sewer)
  2 sky beasts
  7 black bears
  2 orc warriors
  An ogre (D:4)
  8 centaurs
  9 wolves
  2 phantoms
  A brain worm (Sewer)
  3 kobold brigands
  A gnoll sergeant (D:9)
  9 bullfrogs
  2 scorpions
  4 wights (D:9)
  22 killer bees
  2 howler monkeys (D:7)
  A jelly (D:5)
  3 orc priests
  5 hounds
  5 iguanas
  Jessica (D:3)
  6 orc wizards
  5 gnolls (D:9)
  5 adders
  3 white imps
  2 ufetubi (D:5)
  A worm (D:2)
  A dart slug (D:1)
  18 orcs
  15 ball pythons
  4 endoplasms
  5 giant cockroaches
  3 goblins (D:1)
  4 hobgoblins
  18 kobolds
  3 quokkas
  4 bats
  10 frilled lizards
  6 rats
280 creatures vanquished.

Notes
Turn   | Place    | Note
-------+----------+-------------------------------------------
     0 | D:1      | Nattfarinn the Naga Shapeshifter began the quest for the
                  | Orb.
     0 | D:1      | Reached XP level 1. HP: 18/18 MP: 1/1
    44 | D:1      | Found Ynyax's General Store.
   162 | D:1      | Found Uzorphaxt's Assorted Antiques.
   199 | D:1      | Found Henaeng's Magic Scroll Emporium.
   233 | D:1      | Reached XP level 2. HP: 25/25 MP: 2/2
   451 | D:1      | Found Gopludgh's Armour Emporium.
   477 | D:1      | Found Sikk's Antique Armour Emporium.
   594 | D:1      | Reached XP level 3. HP: 31/31 MP: 3/3
   852 | D:2      | Found a bloodstained altar of Trog.
   871 | D:2      | Reached skill level 4 in Shapeshifting
  1020 | D:2      | Identified the +4 sling "Aseph" {drain, rElec rF+++ Str-4
                  | Int+8}
  1025 | D:2      | Learned a level 1 spell: Slow
  1204 | D:2      | Reached XP level 4. HP: 38/38 MP: 4/4
  1355 | D:3      | Noticed a phantom
  1357 | D:3      | Found a faded altar of an unknown god.
  1374 | D:3      | Killed a phantom
  1375 | D:3      | Reached XP level 5. HP: 13/44 MP: 5/5
  1644 | D:3      | Found a runed translucent gate.
  1644 | D:3      | Found a runed translucent gate.
  1644 | D:3      | Found a runed translucent gate.
  1647 | D:3      | Noticed Drangen's ghost (amateur SpHu)
  1825 | D:3      | Noticed Jessica
  1828 | D:3      | Killed Jessica
  2160 | D:4      | Noticed a centaur
  2166 | D:4      | Killed a centaur
  2167 | D:4      | Reached XP level 6. HP: 19/51 MP: 6/6
  2314 | D:4      | Found a glowing drain.
  2345 | Sewer    | Entered a sewer
  2367 | Sewer    | Reached skill level 5 in Ranged Weapons
  2383 | Sewer    | Noticed Pargi
  2398 | Sewer    | Killed Pargi
  2399 | Sewer    | Reached XP level 7. HP: 43/57 MP: 7/7
  2855 | D:4      | Found a glowing silver altar of Zin.
  3358 | D:5      | Entered Level 5 of the Dungeon
  3362 | D:5      | Reached XP level 8. HP: 64/64 MP: 8/8
  4653 | D:6      | Identified the +1 falchion of the Maze {heavy, Dex+2}
  4675 | D:6      | Found a staircase to the Ecumenical Temple.
  4685 | D:6      | Reached XP level 9. HP: 70/70 MP: 9/9
  4702 | Temple   | Entered the Ecumenical Temple
  4718 | Temple   | Became a worshipper of Cheibriados the Contemplative
  4852 | D:6      | Reached skill level 10 in Ranged Weapons
  4899 | D:6      | Identified the +10 short sword "Taek" {heavy, Str+4 Int+2}
  5131 | D:7      | Found an ornate altar of the Wu Jian Council.
  5165 | D:7      | Found a shimmering blue altar of Sif Muna.
  5286 | D:7      | Found a broken altar of Ashenzari.
  5287 | D:7      | Found a basalt altar of Yredelemnul.
  5288 | D:7      | Found a sparkling altar of Nemelex Xobeh.
  5364 | D:7      | Reached skill level 5 in Shapeshifting
  5674 | D:7      | Noticed a hornet
  5681 | D:7      | Killed a hornet
  5762 | D:7      | Reached * piety under Cheibriados
  5763 | D:7      | Reached skill level 6 in Shapeshifting
  6317 | D:7      | Reached XP level 10. HP: 84/86 MP: 8/10
  6411 | D:7      | Reached skill level 7 in Shapeshifting
  6715 | D:7      | Reached ** piety under Cheibriados
  7037 | D:8      | Reached skill level 5 in Fighting
  7088 | D:8      | Found a staircase to the Lair.
  7189 | D:8      | Reached skill level 8 in Shapeshifting
  7685 | D:8      | Reached *** piety under Cheibriados
  8382 | D:9      | Reached skill level 9 in Shapeshifting
  8505 | D:9      | Reached **** piety under Cheibriados
  8760 | D:9      | Noticed a two-headed ogre
  8766 | D:9      | Killed a two-headed ogre
  8767 | D:9      | Reached XP level 11. HP: 97/99 MP: 11/11
  8812 | D:9      | Reached skill level 10 in Shapeshifting
  9044 | D:9      | Noticed Grum
  9083 | D:9      | Found a glowing golden altar of the Shining One.
  9202 | D:9      | Killed Grum
  9529 | D:10     | Entered Level 10 of the Dungeon
  9608 | D:10     | Found a burning altar of Makhleb.
  9838 | D:10     | Noticed Snorg
  9850 | D:10     | Killed Snorg
  9851 | D:10     | Reached skill level 5 in Unarmed Combat
 10436 | D:10     | Noticed a two-headed ogre
 10441 | D:10     | Killed a two-headed ogre
 10442 | D:10     | Reached skill level 11 in Shapeshifting
 10910 | Lair:1   | Entered Level 1 of the Lair of Beasts
 11077 | Lair:1   | Reached ***** piety under Cheibriados
 11427 | Lair:1   | Noticed Majang's ghost (journeyman TrFi)
 11430 | Lair:1   | Found a runed translucent door.
 11442 | Lair:1   | Reached skill level 12 in Shapeshifting
 11442 | Lair:1   | Reached XP level 12. HP: 38/106 MP: 2/12
 11759 | Lair:1   | HP: 2/127 [elephant (9)]
 12758 | Lair:1   | Noticed a boulder beetle
 13272 | Lair:1   | Killed a boulder beetle
 14983 | Lair:2   | Found a hole to the Spider Nest.
 14996 | Lair:2   | Noticed a five-headed hydra
 15023 | Lair:2   | Killed a five-headed hydra
 15226 | Lair:2   | Noticed a catoblepas
 15502 | Lair:2   | Noticed Amaemon
 15533 | Lair:2   | Killed Amaemon
 15893 | Lair:2   | Reached skill level 5 in Invocations
 15901 | Lair:2   | Slain by a blink frog

Illustrated notes

Levels and vault maps discovered:
D:1:      evilmike_arrival_plus, layout_loops_cross, serial_shops, shop, shop,
          shop, shop, shop, hangedman_decor_points
D:2:      layout_loops_ring, basic_altar, minmay_joined_circles
D:3:      layout_basic, ebering_ghost_rock_garden, basic_ecumenical_altar,
          minivault_5, uniq_jessica
D:4:      layout_rooms, lemuel_doored_altar, serial_corexii_hall,
          chequers_hall_statues_y, chequers_hall_statues_y,
          corexii_hall_statues_x, corexii_hall_statues_deadend,
          corexii_hall_statues_deadend, corexii_hall_statues_x,
          gup_sewer_entry_glass, minmay_misc_feat_tiny, minmay_misc_feat_doors,
          serial_library_hellmonk_angled_corner, hex_medium
D:5:      layout_basic
D:6:      layout_cave_pools, minmay_temple_entry_glass
D:7:      layout_gridville, chequers_temple_overflow_statue_of_worship,
          lemuel_crystal_altar
D:8:      layout_basic, minmay_lair_entry_grove
D:9:      layout_rooms, nicolae_tso_swordbearing_angel, uniq_grum
D:10:     layout_roguey, mainiacjoe_overflow_six_doors_small, uniq_snorg
Temple:   nicolae_temple_bog_church
Lair:1:   layout_cave_pods, hellmonk_ghost_happy_afterlife, grunt_megastairs_4
Lair:2:   layout_hall_layers, spider_nest_entry_a, uniq_amaemon

Skill      XL: |  1  2  3  4  5  6  7  8  9 10 11 12 |
---------------+-------------------------------------+-----
Shapeshifting  | 4 6 9 12 | 12.9
Ranged Weapons | 2 4 5 7 9 10 | 10.0
Fighting       | 4 6 |  6.8
Unarmed Combat | 6 9 |  9.1
Invocations    | 5 |  5.7
Dodging        | |  1.5

Action                     |  1- 3 |  4- 6 |  7- 9 | 10-12 || total
---------------------------+-------+-------+-------+-------++-------
  Melee: Unarmed           |    26 |       |       |   287 ||   313
         Short sword       |       |       |    35 |    30 ||    65
         Punch             |       |       |     1 |       ||     1
         Constrict         |       |       |       |    64 ||    64
   Fire: Sling             |    68 |    91 |   254 |   191 ||   604
    Use: Potion            |       |     1 |     2 |     6 ||     9
         Scroll            |       |       |    10 |    12 ||    22
   Stab: Sleeping          |       |       |     1 |     2 ||     3
 Armour: Animal skin       |    33 |    53 |    20 |       ||   106
         Skin              |       |    18 |    42 |   425 ||   485
         Robe              |       |       |   149 |    87 ||   236
         Steam dragon scal |       |       |       |    41 ||    41
  Dodge: Dodged            |    32 |    28 |    95 |   248 ||   403
   Form: Serpent           |       |       |       |     1 ||     1

Table legend: (Time is in decaauts)
 A = Elapsed time spent in this place.
 B = Non-inter-level travel time spent in this place.
 C = Inter-level travel time spent in this place.
 D = Time resting spent in this place.
 E = Time spent auto-exploring this place.
 F = Levels seen in this place.
 G = Mean time per level.
                   A        B        C        D        E       F      G
               +--------+--------+--------+--------+--------+-----+--------+
         Total |  20888 |  19794 |   1094 |   3629 |  13756 |  14 | 1492.0 |
       Dungeon |  14311 |  13421 |    890 |   1434 |  10289 |  10 | 1431.1 |
        Temple |     49 |      1 |     48 |      0 |      0 |   1 |   49.0 |
          Lair |   6273 |   6118 |    155 |   2194 |   3310 |   2 | 3136.5 |
         Sewer |    254 |    254 |      0 |      0 |    156 |   1 |  254.0 |
               +--------+--------+--------+--------+--------+-----+--------+

Top non-repeatable levels by time:
  Lair:1: 4530 daAuts
     D:7: 2452 daAuts
     D:8: 2104 daAuts
  Lair:2: 1742 daAuts
    D:10: 1692 daAuts
     D:9: 1616 daAuts
     D:5: 1481 daAuts
     D:4: 1423 daAuts
     D:3: 960 daAuts
     D:2: 917 daAuts
     D:1: 893 daAuts
     D:6: 769 daAuts
   Sewer: 254 daAuts
  Temple: 49 daAuts
